 Dungeon Crawl Stone Soup version 0.23.0 (webtiles) character file.

Game seed: 7841041109860946147

198 Folque the Digger (level 5, -4/41 HPs)
             Began as a Draconian Earth Elementalist on Feb 8, 2019.
             Slain by a centaur (6 damage)
             ... on level 2 of the Dungeon.
             The game lasted 00:07:33 (2270 turns).

Folque the Digger (Draconian Earth Elementalist)    Turns: 2270, Time: 00:07:34

Health: -4/41      AC:  5    Str: 10    XL:     5   Next: 47%
Magic:  0/11       EV: 12    Int: 17    God:
Gold:   113        SH:  0    Dex: 13    Spells: 1/12 levels left

rFire    . . .     SeeInvis .   g - +0 dagger
rCold    . . .     Gourm    .   (no shield)
rNeg     . . .     Faith    .   (armour unavailable)
rPois    .         Spirit   .   (helmet restricted)
rElec    .         Reflect  .   (no cloak)
rCorr    .         Harm     .   (no gloves)
MR       .....                  (no boots)
Stlth    ++........             (no amulet)
HPRegen  0.13/turn              d - +2 ring of dexterity
MPRegen  0.12/turn              (no ring)

@: very slightly contaminated
A: unfitting armour, cold-blooded, AC +5
a: no special abilities


You were on level 2 of the Dungeon.
You were not hungry.

You visited 1 branch of the dungeon, and saw 2 of its levels.

You collected 113 gold pieces.

Inventory:

Hand Weapons
 a - a +0 whip
 e - a +0 dagger
 g - a +0 dagger (weapon)
Missiles
 b - 51 stones (quivered)
Armour
 i - a +0 shield
Jewellery
 d - a +2 ring of dexterity (left hand)
Wands
 h - a wand of polymorph (13)
Scrolls
 j - a scroll of identify
Comestibles
 c - 4 rations
 f - 7 chunks of flesh


   Skills:
 - Level 2.2 Fighting
 - Level 1.7 Dodging
 - Level 1.7 Stealth
 * Level 4.0 Spellcasting
 * Level 1.1 Conjurations
 - Level 1.0 Transmutations
 + Level 4.0 Earth Magic


You had one spell level left.
You knew the following spells:

 Your Spells              Type           Power        Failure   Level  Hunger
a - Sandblast             Erth           ###...       3%          1    None
b - Passwall              Tmut/Erth      ##......     9%          2    ##.....
c - Stone Arrow           Conj/Erth      ##....       16%         3    ###....
d - Lee's Rapid Deconstr  Erth           ###.......   63%         5    ######.

Your spell library contained the following spells:

 Spells                   Type           Power        Failure   Level  Hunger
 Petrify                  Tmut/Erth      ##......     50%         4    ####...


Dungeon Overview and Level Annotations

Branches:
Dungeon (2/15)

Altars:
Fedhas
Xom
The Shining One


Innate Abilities, Weirdness & Mutations

Your plain brown scales are hard. (AC +5)
You cannot fit into any form of body armour.
You are cold-blooded and may be slowed by cold attacks.


Message History

You closely miss the centaur.
You tail-slap the centaur, but do no damage.
The centaur is moderately wounded.
The centaur hits you.
* * * LOW HITPOINT WARNING * * *
The centaur hits you but does no damage.
You hit the centaur.
The centaur is moderately wounded.
The centaur hits you!
* * * LOW HITPOINT WARNING * * *
Casting: Sandblast (safe; 3% risk of failure)
Confirm with . or Enter, or press ? or * to list all spells.
Aiming: Sandblast (safe; 3% risk of failure)
Press: ? - help, Shift-Dir - straight line, f/p - centaur
Aim: a centaur (moderately wounded)
The blast of sand hits the centaur.
The centaur is heavily wounded.
b - 51 stones The centaur hits you.
You die...

.......#
#................
.......#
###................
.......#
#..................
.......#
#.#..#.............
########
#...###........####
##..## ##.......#
##....# #........#
##..#.##.##.#..)..#
#..##@#...####....#
#.##!.c.$?%.%##...#
#..####...####....#
##..#.##.##.#.รท...#
##....#.#......###
##..## ##....##
#...###...###
#....#....#
##.......##


You could see a centaur.

Vanquished Creatures
  2 orc priests (D:2)
  Natasha (twice) (D:2)
  2 adders (D:2)
  2 worms (D:2)
  3 dart slugs
  2 leopard geckos
  2 orcs (D:2)
  4 ball pythons
  2 giant cockroaches (D:1)
  11 hobgoblins
  2 jackals (D:2)
  A kobold (D:2)
  A quokka (D:1)
  7 bats
  4 frilled lizards
  5 goblins
  6 rats (D:1)
58 creatures vanquished.

Notes
Turn   | Place    | Note
-------+----------+-------------------------------------------
     0 | D:1      | Folque the Draconian Earth Elementalist began the quest for
                  | the Orb.
     0 | D:1      | Reached XP level 1. HP: 14/14 MP: 3/3
   184 | D:1      | Reached skill level 1 in Fighting
   187 | D:1      | Reached XP level 2. HP: 13/23 MP: 5/5
   827 | D:1      | Learned a level 2 spell: Passwall
   872 | D:1      | Reached XP level 3. HP: 18/29 MP: 4/6
   892 | D:1      | Learned a level 3 spell: Stone Arrow
  1134 | D:2      | Noticed Natasha
  1149 | D:2      | Killed Natasha
  1375 | D:2      | Found a blossoming altar of Fedhas.
  1378 | D:2      | Reached XP level 4. HP: 36/36 MP: 3/8
  1383 | D:2      | Found a glowing golden altar of the Shining One.
  1387 | D:2      | Found a shimmering altar of Xom.
  1936 | D:2      | Reached XP level 5. HP: 27/41 MP: 0/10
  1977 | D:2      | Learned a level 5 spell: Lee's Rapid Deconstruction
  2068 | D:2      | Noticed Natasha
  2087 | D:2      | Killed Natasha
  2245 | D:2      | Noticed a centaur
  2249 | D:2      | Reached skill level 1 in Conjurations
  2269 | D:2      | HP: 2/41 [centaur (8)]
  2270 | D:2      | Slain by a centaur

Skill      XL: |  1  2  3  4  5 |
---------------+----------------+-----
Fighting       | 1 2 |  2.2
Spellcasting   | 3 4 |  4.0
Earth Magic    | 4 |  4.0
Conjurations   | 1 |  1.1
Dodging        | |  1.7
Stealth        | |  1.7
Transmutations | |  1.0

Action                   |  1- 3 |  4- 6 || total
-------------------------+-------+-------++-------
Melee: Whip              |    98 |       ||    98
       Tailslap          |     9 |     8 ||    17
       Dagger            |    18 |    65 ||    83
 Cast: Sandblast         |    10 |    18 ||    28
       Stone Arrow       |     4 |    10 ||    14
  Use: Scroll            |     1 |       ||     1
       Potion            |       |     1 ||     1
 Stab: Sleeping          |     6 |       ||     6
  Eat: Chunk             |     2 |     4 ||     6
Armor: Skin              |    44 |    20 ||    64
Dodge: Dodged            |    88 |    49 ||   137
